 Dungeon Crawl Stone Soup version 0.23-a0-550-g7de1f8e (webtiles) character file.

4747 Lavandula the Carver (level 10, -2/65 (66) HPs)
             Began as a Halfling Enchanter on Dec 9, 2018.
             Was a Priest of Vehumet.
             Slain by a five-headed hydra (14 damage)
             ... on level 9 of the Dungeon.
             The game lasted 00:25:55 (4680 turns).

Lavandula the Carver (Halfling Enchanter)           Turns: 4680, Time: 00:25:56

HP:   -2/65 (66)    AC:  4    Str: 11    XL:     10   Next: 74%
MP:   8/14          EV: 18    Int: 16    God:    Vehumet [***...]
Gold: 208           SH:  7    Dex: 20    Spells: 2/14 levels left

rFire    x . .     SeeInvis +   u - +12 falchion of the Insatiable Lies {flame, rF- Str+2 Dex+4}
rCold    . . .     Gourm    .   B - +0 buckler
rNeg     . . .     Faith    .   b - +0 robe
rPois    .         Spirit   .   (no helmet)
rElec    .         Reflect  .   (no cloak)
rCorr    .         Harm     .   h - +0 pair of gloves
MR       .....                  m - +0 pair of boots
Stlth    +++.......             y - amulet of the acrobat
HPRegen  0.20/turn              n - ring of see invisible
MPRegen  0.14/turn              (no ring)

@: no status effects
A: small, mutation resistance 1
a: Renounce Religion


You were on level 9 of the Dungeon.
You worshipped Vehumet.
Vehumet was most pleased with you.
You were hungry.

You visited 2 branches of the dungeon, and saw 11 of its levels.

You collected 406 gold pieces.
You spent 198 gold pieces at shops.

Inventory:

Hand Weapons
 a - a +1 dagger
 u - the +12 falchion of the Insatiable Lies (weapon) {flame, rF- Str+2 Dex+4}
   (You found it on level 4 of the Dungeon)

   It has been specially enchanted to burn those struck by it, causing extra
   injury to most foes and up to half again as much damage against particularly
   susceptible opponents.
   Big, fiery blades are also staple armaments of hydra-hunters.
   It affects your strength (+2).
   It affects your dexterity (+4).
   It makes you vulnerable to fire.
Missiles
 c - 4 throwing nets (quivered)
 e - 14 sling bullets
Armour
 b - a +0 robe (worn)
 h - a +0 pair of gloves (worn)
 m - a +0 pair of boots (worn)
 B - a +0 buckler (worn)
Magical Staves
 G - an uncursed staff of wizardry {unknown}
Jewellery
 n - a ring of see invisible (left hand)
 y - an amulet of the acrobat (around neck)
Wands
 C - a wand of paralysis (9)
Scrolls
 j - 2 scrolls of blinking
 l - 2 scrolls of remove curse
 v - a scroll of fear
 w - a scroll of amnesia
 z - a scroll of enchant armour
 A - a scroll of teleportation
Potions
 f - 2 potions of ambrosia
 g - 7 potions of curing
 i - 2 potions of lignification
 k - a potion of might {unknown}
 o - 3 potions of resistance
 p - a potion of berserk rage {unknown}
 q - a potion of magic {unknown}
 r - a potion of degeneration {unknown}
 s - 3 potions of heal wounds
 t - 2 potions of flight {unknown}
 x - 2 potions of haste
 D - 2 potions of cancellation {unknown}
 E - 2 potions of invisibility {unknown}
Comestibles
 d - 10 rations
 F - a chunk of flesh


   Skills:
 - Level 5.2 Fighting
 - Level 6.7(10.1) Short Blades
 - Level 10.0(10.6) Long Blades
 - Level 5.2 Dodging
 - Level 3.2 Stealth
 - Level 4.0 Shields
 - Level 2.9 Spellcasting
 - Level 2.4 Hexes
 - Level 2.9 Charms
 + Level 1.6 Necromancy


You had 2 spell levels left.
You knew the following spells:

 Your Spells              Type           Power        Failure   Level  Hunger
a - Corona                Hex            ##.....      9%          1    #......
b - Ensorcelled Hibernat  Hex/Ice        #.....       21%         2    ##.....
c - Confuse               Hex            ##......     24%         3    ###....
d - Dazzling Spray        Conj/Hex       #.....       11%         3    ###....
e - Regeneration          Chrm/Necr      #.........   26%         3    ###....

Your spell library contained the following spells:

 Spells                   Type           Power        Failure   Level  Hunger
 Throw Frost              Conj/Ice       #.....       9%          2    ##.....
 Animate Skeleton         Necr           N/A          11%         1    #......
 Pain                     Necr           #...         11%         1    #......
 Tukima's Dance           Hex            ##......     24%         3    ###....
 Vampiric Draining        Necr           #.........   32%         3    ###....
 Animate Dead             Necr           N/A          73%         4    #####..


Dungeon Overview and Level Annotations

Branches:
Dungeon (10/15)            Temple (1/1) D:4
   Lair: D:8-11         Orc: D:9-12

Altars:
Ashenzari
Cheibriados
Elyvilon
Fedhas
Gozag
Hepliaklqana
Makhleb
Nemelex Xobeh
Okawaru
Qazlal
Ru
Sif Muna
Trog
Uskayaw
Vehumet
Wu Jian
Xom
Yredelemnul
Zin
The Shining One

Shops:
D:4 (   D:8 =[*

Annotations:
D:7 Harold


Innate Abilities, Weirdness & Mutations

You are small and have problems with some larger weapons.
You are somewhat resistant to further mutation.


Message History

The six-headed hydra is heavily wounded.
You block the six-headed hydra's attack.
The six-headed hydra bites you but does no damage.
The six-headed hydra bites you. The six-headed hydra bites you!
The six-headed hydra bites you.
Unknown command.
You chop one of the six-headed hydra's heads off!
The flame cauterises the wound!
You hit the five-headed hydra. You burn the five-headed hydra.
The five-headed hydra is heavily wounded.
The hippogriff bites the five-headed hydra!
The hippogriff pecks the five-headed hydra.
The hippogriff claws the five-headed hydra.
The five-headed hydra barely misses you.
You riposte.
You slash the five-headed hydra! You burn the five-headed hydra.
The five-headed hydra is almost dead.
The five-headed hydra misses you. The five-headed hydra bites you! x2
* * * LOW HITPOINT WARNING * * *
The five-headed hydra bites you!
You die...

##.###.##.##.###.###.#.....#
...[.###.#.##.#%.?#e##...########
.....(##.#.##.##e##.#...........#
..#..##.###.##.#l#§##........(..#
..#..##.#)#.##.###T#...#......>.#
#...##.##(##.##o#.##............#
#...##.#...#.##e#H#...##........#
##.##†###.###.##D##.............#
##.##.........##@#...####.......#
.##.##.#########.#.>.## #########
..##.##.).......##....###
..##.##.#######.#......<#
.##...##.......##....##.#
###÷..##.#####.#.....##.#
##.#'#.##.....##..##.....
##†#†#.##.###.#... ####.##
#.##.##.##...##.#. #.#


You could see a five-headed hydra, a komodo dragon, a hippogriff (confused), 3
deep elf magi, a troll and an orc wizard.

Vanquished Creatures
  A two-headed ogre (D:9)
  A komodo dragon (D:9)
  Sigmund (D:2)
  2 basilisks (D:9)
  A hungry ghost (D:9)
  A water moccasin (D:8)
  4 ice beasts
  A sky beast (D:6)
  3 orc warriors
  3 ogres
  A necrophage (D:9)
  3 phantoms
  2 centaurs
  3 bullfrogs (D:9)
  A gnoll sergeant (D:8)
  A water moccasin skeleton (D:5)
  3 scorpions
  A killer bee (D:9)
  2 howler monkeys
  4 crimson imps
  2 bullfrog zombies
  A centaur skeleton (D:8)
  3 hounds
  2 jellies (D:8)
  An orc priest (D:7)
  4 orc wizards
  An iguana (D:9)
  9 worker ants
  A killer bee zombie (D:8)
  A hound zombie (D:9)
  A hound skeleton (D:6)
  2 howler monkey zombies
  3 gnolls (D:8)
  A howler monkey skeleton (D:4)
  12 adders
  2 shadow imps (D:7)
  An adder skeleton (D:9)
  An adder zombie (D:6)
  2 worms (D:2)
  A dart slug (D:3)
  7 leopard geckos
  33 orcs
  3 bats
  2 giant cockroaches
  7 goblins
  4 hobgoblins
  4 jackals
  3 kobolds
  2 quokkas
  A ball python (D:2)
  3 frilled lizards
  A quokka zombie (D:6)
  6 rats
166 creatures vanquished.

Notes
Turn   | Place    | Note
-------+----------+-------------------------------------------
     0 | D:1      | Lavandula the Halfling Enchanter began the quest for the
                  | Orb.
     0 | D:1      | Reached XP level 1. HP: 11/11 MP: 3/3
   207 | D:1      | Reached XP level 2. HP: 15/17 MP: 2/4
   613 | D:2      | Reached XP level 3. HP: 21/21 MP: 3/5
   617 | D:2      | Learned a level 2 spell: Ensorcelled Hibernation
   643 | D:2      | Noticed Sigmund
  1001 | D:2      | Killed Sigmund
  1001 | D:2      | Reached XP level 4. HP: 27/27 MP: 1/6
  1001 | D:2      | Reached XP level 5. HP: 31/31 MP: 1/7
  1001 | D:2      | Reached XP level 6. HP: 36/36 MP: 1/8
  1006 | D:2      | Learned a level 3 spell: Confuse
  1877 | D:4      | Learned a level 3 spell: Dazzling Spray
  1913 | D:4      | Got a twisted falchion
  1914 | D:4      | Identified the +12 falchion of the Insatiable Lies {flame,
                  | rF- Str+2 Dex+4} (You found it on level 4 of the Dungeon)
  1915 | D:4      | interesting
  1949 | D:4      | Reached skill level 1 in Long Blades
  1949 | D:4      | Reached XP level 7. HP: 41/41 MP: 11/11
  2010 | D:4      | Found a staircase to the Ecumenical Temple.
  2028 | D:4      | Reached skill level 2 in Long Blades
  2032 | Temple   | Entered the Ecumenical Temple
  2124 | Temple   | Became a worshipper of Vehumet
  2192 | D:4      | Found Uzxyled's Weapon Boutique.
  2216 | D:5      | Entered Level 5 of the Dungeon
  2236 | D:5      | Reached skill level 3 in Long Blades
  2303 | D:5      | Reached skill level 4 in Long Blades
  2440 | D:5      | Found a snail-covered altar of Cheibriados.
  2481 | D:6      | Reached XP level 8. HP: 37/46 MP: 12/12
  2508 | D:6      | Reached skill level 5 in Long Blades
  2628 | D:6      | Reached * piety under Vehumet
  2628 | D:6      | Offered knowledge of Shock by Vehumet.
  2649 | D:6      | Reached skill level 6 in Long Blades
  2769 | D:6      | Reached skill level 7 in Long Blades
  2882 | D:7      | Reached skill level 1 in Shields
  2968 | D:7      | Noticed Harold
  2973 | D:7      | Reached XP level 9. HP: 49/51 MP: 13/13
  3405 | D:6      | Reached skill level 8 in Long Blades
  3536 | D:7      | Offered knowledge of Sting by Vehumet.
  3585 | D:7      | Reached ** piety under Vehumet
  3718 | D:7      | Reached skill level 9 in Long Blades
  3812 | D:8      | Found Gutapri's Armour Shoppe.
  3820 | D:8      | Found Isileq's General Store.
  3827 | D:8      | Bought a scroll of identify for 22 gold pieces
  3827 | D:8      | Bought 2 potions of mutation for 176 gold pieces
  3835 | D:8      | Found Ziegui's Jewellery Shop.
  3943 | D:8      | Noticed a gargoyle
  3977 | D:10     | Entered Level 10 of the Dungeon
  3984 | D:10     | Reached skill level 10 in Long Blades
  4004 | D:9      | Noticed a two-headed ogre
  4015 | D:9      | Killed a two-headed ogre
  4015 | D:9      | Reached XP level 10. HP: 64/64 MP: 5/14
  4367 | D:9      | Offered knowledge of Throw Frost by Vehumet.
  4388 | D:9      | Reached skill level 5 in Fighting
  4403 | D:9      | Noticed a komodo dragon
  4408 | D:9      | Found a runed door.
  4451 | D:9      | Killed a komodo dragon
  4451 | D:9      | Reached skill level 5 in Dodging
  4478 | D:9      | Learned a level 3 spell: Regeneration
  4518 | D:9      | Reached *** piety under Vehumet
  4518 | D:9      | Reached skill level 1 in Necromancy
  4548 | D:9      | Reached skill level 1 in Charms
  4671 | D:9      | Noticed a seven-headed hydra
  4671 | D:9      | Noticed a deep elf mage
  4671 | D:9      | Noticed a deep elf mage
  4671 | D:9      | Noticed a komodo dragon
  4671 | D:9      | Noticed a deep elf mage
  4680 | D:9      | Slain by a five-headed hydra

Vault maps used:
D:1:      dpeg_arrival_simpleton_c
D:2:      first_ration, uniq_sigmund
D:4:      minmay_temple_entry_statues_fountains, serial_shops, shop,
          kennysheep_path_1, uniq_menkaure
D:5:      cheibriados_altar_1, uniq_crazy_yiuf_cottage
D:7:      uniq_harold
D:8:      serial_glass, glass_columns_a, glass_columns_a, serial_shops, shop,
          nicolae_shop_statue_plus, shop, nicolae_ossuary_entry_ruins
D:9:      minmay_the_grid_triangle_9x9_rhombus_full, old_standard_altar,
          hiddenorc2_lemuel, uniq_prince_ribbit1
D:10:     grunt_lair_entry_orc_guard_hut, serial_shops, nicolae_shop_waterfront
Temple:   minmay_crystal_snake_temple

Skill      XL: |  1  2  3  4  5  6  7  8  9 10 |
---------------+-------------------------------+-----
Short Blades   | 2 3 6 |  6.7
Spellcasting   | 2 |  2.9
Long Blades    | 1 4 7 10 | 10.0
Shields        | 2 4 |  4.0
Fighting       | 4 5 |  5.2
Dodging        | 5 |  5.2
Necromancy     | 1 |  1.6
Charms         | 2 |  2.9
Stealth        | |  3.2
Hexes          | |  2.4

Action                   |  1- 3 |  4- 6 |  7- 9 | 10-12 || total
-------------------------+-------+-------+-------+-------++-------
Melee: Dagger            |    75 |    84 |       |       ||   159
       Falchion          |       |     5 |   179 |    89 ||   273
 Cast: Corona            |     6 |     4 |    11 |       ||    21
       Ensorcelled Hiber |     4 |    16 |     2 |       ||    22
       Confuse           |       |     1 |    20 |     5 ||    26
       Dazzling Spray    |       |       |     1 |     1 ||     2
       Regeneration      |       |       |       |     1 ||     1
Evoke: Wand              |     4 |     2 |     7 |       ||    13
  Use: Potion            |       |     1 |     3 |       ||     4
       Scroll            |       |       |    15 |     1 ||    16
 Stab: Sleeping          |     9 |    15 |     4 |     1 ||    29
       Confused          |       |       |     9 |     3 ||    12
       Distracted        |       |       |     1 |     1 ||     2
  Eat: Chunk             |     1 |     4 |     6 |     7 ||    18
       Ration            |       |       |     1 |       ||     1
Armor: Robe              |    11 |    11 |    16 |     7 ||    45
Dodge: Dodged            |    44 |    48 |   123 |    47 ||   262
Block: Buckler           |       |       |    20 |    17 ||    37
       Rpst.: Falchion   |       |       |    36 |    12 ||    48

Table legend:
 A = Non-vault XP
 B = Vault XP
 C = Vault XP percentage of total XP
 D = Non-vault monster count
 E = Vault monster count
 F = Vault count percentage of total count
                 A         B        C        D         E       F
            +---------+---------+-------+---------+---------+-------
      Total |    4617 |    2165 |  31.9 |     143 |      23 |  13.9
            +---------+---------+-------+---------+---------+-------
        D:1 |      18 |       0 |   0.0 |      11 |       0 |   0.0
        D:2 |      59 |     231 |  79.7 |      17 |       1 |   5.6
        D:3 |     141 |       0 |   0.0 |      21 |       0 |   0.0
        D:4 |     197 |       0 |   0.0 |      14 |       0 |   0.0
        D:5 |     310 |       0 |   0.0 |       7 |       0 |   0.0
        D:6 |    1293 |       0 |   0.0 |      32 |       0 |   0.0
        D:7 |     617 |       0 |   0.0 |      21 |       0 |   0.0
        D:8 |     700 |       0 |   0.0 |      13 |       0 |   0.0
        D:9 |    1236 |    1934 |  61.0 |       6 |      22 |  78.6
       D:10 |      46 |       0 |   0.0 |       1 |       0 |   0.0
            +---------+---------+-------+---------+---------+-------
